 Dungeon Crawl Stone Soup version 0.26-a0-1184-g95e395e029 (webtiles) character file.

Game seed: 7786373253894051223

11491 voltaire321 the Tainter (level 11, 0/67 HPs)
             Began as a Gargoyle Venom Mage on Dec 27, 2020.
             Was an Elder of Fedhas.
             Slain by a komodo dragon (16 damage)
             ... on level 10 of the Dungeon.
             The game lasted 01:06:20 (13867 turns).

voltaire321 the Tainter (Gargoyle Venom Mage)      Turns: 13867, Time: 01:06:20

Health: 0/67       AC: 27    Str: 13    XL:     11   Next: 78%
Magic:  15/20      EV: 13    Int: 13    God:    Fedhas [****..]
Gold:   507        SH:  5    Dex: 16    Spells: 16/23 levels left

rFire    + + +     SeeInvis .   g - +4 mace (protect)
rCold    . . .     Faith    .   b - +0 buckler
rNeg     + . .     Spirit   .   H - +5 ring mail "Syikuoxe" {+Fly rPois rF+++ Int-5}
rPois    ∞         Reflect  .   k - +2 helmet
rElec    +         Harm     .   F - +0 cloak
rCorr    .         Rampage  .   e - +2 pair of gloves
Will     .....                  (no boots)
Stlth    +.........             (no amulet)
HPRegen  0.21/turn              a - +6 ring of dexterity
MPRegen  0.17/turn              (no ring)

@: very slow
A: negative energy resistance 1, electricity resistance, unbreathing,
petrification resistance, miasma immunity, AC +8
a: Renounce Religion, Evoke Flight, Wall of Briars, Grow Ballistomycete,
Overgrow


You were on level 10 of the Dungeon.
You worshipped Fedhas.
Fedhas was greatly pleased with you.
You visited 3 branches of the dungeon, and saw 12 of its levels.
You also visited: Sewer.

You collected 602 gold pieces.
You spent 95 gold pieces at shops.

Inventory:

Hand Weapons
 g - a +4 mace of protection (weapon)
Missiles
 t - 4 curare-tipped darts
Armour
 b - a +0 buckler (worn)
 e - a +2 pair of gloves (worn)
 k - a +2 helmet (worn)
 F - a +0 cloak (worn)
 H - the +5 ring mail "Syikuoxe" (worn) {+Fly rPois rF+++ Int-5}
   (You found it on level 8 of the Dungeon)

   It affects your intelligence (-5).
   It renders you almost immune to fire.
   It protects you from poison.
   It lets you fly.
Jewellery
 a - a +6 ring of dexterity (left hand)
Wands
 s - a wand of polymorph (6)
 u - a wand of digging (7)
 x - a wand of acid (16)
 y - a wand of paralysis (18)
 D - a wand of enslavement (2)
 G - a wand of iceblast (7)
 J - a wand of disintegration (12)
Scrolls
 c - 2 scrolls of immolation
 h - 3 scrolls of identify
 i - 7 scrolls of amnesia
 m - 11 scrolls of remove curse
 r - 5 scrolls of blinking
 B - a scroll of magic mapping
 K - a scroll of fog
Potions
 d - 2 potions of lignification
 f - 7 potions of curing
 j - 2 potions of mutation
 l - 2 potions of brilliance
 n - 2 potions of ambrosia
 o - a potion of magic
 p - 3 potions of heal wounds
 q - a potion of flight
 z - 3 potions of invisibility
 A - 2 potions of might
 L - a potion of berserk rage
Miscellaneous
 v - a phantom mirror
 w - a tin of tremorstones (2/2)
 C - a box of beasts (inert)


   Skills:
 + Level 7.4 Fighting
 + Level 6.7 Maces & Flails
 + Level 7.4 Armour
 - Level 5.0 Dodging
 - Level 2.1 Stealth
 - Level 4.0 Shields
 + Level 6.5 Spellcasting
 - Level 1.0 Transmutations
 - Level 2.0 Air Magic
 * Level 8.9 Poison Magic
 + Level 5.6 Invocations


You had 16 spell levels left.
You knew the following spells:

 Your Spells              Type           Power        Failure   Level
a - Sting                 Tmut/Pois      68%          4%          1
b - Poisonous Vapours     Pois/Air       36%          4%          2
c - Olgreb's Toxic Radia  Pois           27%          8%          4

Your spell library contained the following spells:

 Spells                   Type           Power        Failure   Level
 Spider Form              Tmut/Pois      8%           12%         3
 Beastly Appendage        Tmut           12%          21%         1
 Mephitic Cloud           Conj/Pois/Air  13%          21%         3
 Ignite Poison            Fire/Tmut/Pois 12%          24%         3
 Animate Skeleton         Necr           8%           30%         1
 Apportation              Tloc           8%           30%         1
 Corona                   Hex            4%           30%         1
 Summon Small Mammal      Summ           16%          30%         1
 Wereblood                Tmut           6%           30%         2
 Ensorcelled Hibernation  Hex/Ice        8%           43%         2
 Confusing Touch          Hex            4%           67%         3
 Frozen Ramparts          Ice            8%           67%         3
 Summon Guardian Golem    Hex/Summ       4%           67%         3
 Tukima's Dance           Hex            4%           67%         3
 Ice Form                 Ice/Tmut       5%           94%         4
 Blade Hands              Tmut           3%           99%         5
 Silence                  Hex/Air        3%           99%         5
 Borgnjor's Vile Clutch   Necr/Erth      2%           100%        5
 Shadow Creatures         Summ           N/A          100%        6
 Discord                  Hex            2%           100%        8


Dungeon Overview and Level Annotations

Branches:
Dungeon (10/15)            Temple (1/1) D:5            Lair (1/6) D:10
    Orc (0/2) D:10          Sewer (visited)

Altars:
Ashenzari
Cheibriados
Dithmenos
Elyvilon
Fedhas
Gozag
Hepliaklqana
Kikubaaqudgha
Makhleb
Nemelex Xobeh
Okawaru
Qazlal
Ru
Sif Muna
Trog
Uskayaw
Vehumet
Wu Jian
Xom
Yredelemnul
Zin
The Shining One

Shops:
D:8 }   D:10 ?

Portals:
Trove: D:10 (give 5 potions of resistance)

Annotations:
D:8 exclusion: ice statue


Innate Abilities, Weirdness & Mutations

You are resistant to torment.
Your stone body is resilient. (AC +8)
You are immune to poison.
You resist negative energy. (rN+)
You are resistant to electric shocks. (rElec)
You can survive without breathing.
You are immune to petrification.
You are immune to miasma.


Message History

The yak barely misses you. The yak misses you. The yak closely misses you.
The yak gores you but does no damage. You block the yak's attack.
The komodo dragon bites you!! You block the yak's attack.
You climb upwards.
Welcome back to the Dungeon!
There is a staircase to the Lair here.
The yak looks more healthy.
The yak gores you. The yak closely misses you. You block the yak's attack.
The komodo dragon bites you but does no damage.
You enter the shallow water.
Moving in this stuff is going to be slow.
You block the yak's attack. The komodo dragon bites you!
You block the yak's attack. The yak gores you but does no damage.
You enter the shallow water.
Moving in this stuff is going to be slow.
The komodo dragon bites you.
* * * LOW HITPOINT WARNING * * *
The komodo dragon bites you!
You die...
Fedhas appreciates your contribution to the ecosystem.

##########
################........#
#...............|.......#
#....≈......≈..≈..≈.≈...#######
##....≈≈≈..≈≈.≈@≈..≈............
##....≈≈≈≈≈≈≈≈≈≈lY≈≈≈....########
.....≈≈≈≈≈≈≈≈≈Y.≈≈≈≈≈≈...#### ##
........≈≈≈≈.YYYY.≈≈≈.......####.
<....≈≈≈≈≈≈.≈....≈≈≈.≈≈..##......
...............>..≈≈≈≈.....####..
.....≈≈≈≈≈≈≈≈....≈≈≈≈......# ##.#
.....≈≈≈≈≈≈≈≈≈..≈.≈≈≈≈.....# #..#
......≈≈≈≈≈≈≈≈≈≈≈≈≈≈≈≈≈....###.##


You could see a komodo dragon (poisoned) and 6 yaks.

Vanquished Creatures
  A fire dragon (D:10)
  Fannar (D:10)
  A two-headed ogre (D:9)
  An unseen horror (D:10)
  A wizard (D:9)
  A manticore (D:10)
  Maurice (D:8)
  A komodo dragon (D:10)
  A rime drake (Lair:1)
  A troll (D:10)
  Sigmund (D:2)
  A shadow (D:10)
  A wyvern (D:10)
  A water moccasin (D:10)
  7 orc warriors
  2 ice beasts
  6 sky beasts
  2 black bears
  4 phantoms
  A hornet zombie (D:10)
  4 centaurs
  7 ogres
  A wolf (D:10)
  3 bullfrogs
  7 big kobolds
  3 scorpions
  11 wights
  4 electric eels (D:10)
  A howler monkey (D:9)
  A crimson imp (D:9)
  4 bullfrog zombies
  A centaur zombie (D:9)
  A quasit (D:10)
  3 orc priests
  3 jellies
  12 hounds
  2 centaur skeletons
  3 bullfrog skeletons
  A gnoll shaman (D:6)
  7 orc wizards
  Natasha (thrice) (D:3)
  An iguana (D:8)
  10 worker ants
  Terence (D:3)
  A hound zombie (D:10)
  3 hound skeletons
  A howler monkey zombie (D:10)
  19 gnolls
  10 adders
  2 shadow imps
  4 white imps
  2 ufetubi
  2 oozes
  An adder zombie (D:5)
  4 worms
  2 dart slugs (D:2)
  6 leopard geckos
  25 orcs
  11 giant cockroaches
  5 goblins
  5 hobgoblins
  18 jackals
  23 kobolds
  6 quokkas
  3 ball pythons (Sewer)
  A ball python skeleton (D:4)
  8 bats
  9 frilled lizards
  A quokka skeleton (D:5)
  A quokka zombie (D:6)
  6 rats
  A butterfly (D:5)
310 creatures vanquished.

Vanquished Creatures (others)
  A quokka (D:3)
  A fungus (Sewer)
  6 plants
8 creatures vanquished.

Grand Total: 318 creatures vanquished

Notes
Turn   | Place    | Note
-------+----------+-------------------------------------------
     0 | D:1      | voltaire321 the Gargoyle Venom Mage began the quest for the
                  | Orb.
     0 | D:1      | Reached XP level 1. HP: 10/10 MP: 3/3
   342 | D:1      | Reached XP level 2. HP: 15/15 MP: 1/5
   949 | D:2      | Learned a level 2 spell: Poisonous Vapours
  1118 | D:2      | Reached skill level 1 in Shields
  1118 | D:2      | Reached skill level 1 in Transmutations
  1118 | D:2      | Reached XP level 3. HP: 12/20 MP: 4/6
  1351 | D:2      | Noticed Sigmund
  1371 | D:2      | Killed Sigmund
  1372 | D:2      | Reached skill level 1 in Maces & Flails
  1372 | D:2      | Reached skill level 1 in Armour
  1372 | D:2      | Reached XP level 4. HP: 21/26 MP: 0/8
  1372 | D:2      | Reached XP level 5. HP: 25/30 MP: 0/9
  1824 | D:2      | Reached XP level 6. HP: 35/35 MP: 7/10
  2191 | D:3      | Found a glowing drain.
  2222 | Sewer    | Entered a sewer
  2727 | Sewer    | Reached skill level 1 in Air Magic
  2727 | Sewer    | Reached XP level 7. HP: 35/40 MP: 2/11
  2768 | Sewer    | Reached skill level 4 in Poison Magic
  2941 | D:3      | Noticed Natasha
  2952 | D:3      | Killed Natasha
  2992 | D:3      | Learned a level 4 spell: Olgreb's Toxic Radiance
  3237 | D:3      | Noticed Natasha
  3288 | D:3      | Killed Natasha
  3451 | D:3      | Reached XP level 8. HP: 46/46 MP: 5/13
  3686 | D:3      | Found a white marble altar of Elyvilon.
  3697 | D:3      | Noticed Natasha
  3706 | D:3      | Killed Natasha
  3795 | D:3      | Noticed Terence
  3802 | D:3      | Killed Terence
  5333 | D:5      | Entered Level 5 of the Dungeon
  5698 | D:5      | Found a staircase to the Ecumenical Temple.
  5707 | Temple   | Entered the Ecumenical Temple
  5740 | Temple   | Became a worshipper of Fedhas Madash
  5929 | D:5      | Reached XP level 9. HP: 44/52 MP: 8/15
  5931 | D:5      | Reached skill level 5 in Poison Magic
  6994 | D:6      | Reached * piety under Fedhas
  7108 | D:6      | Reached skill level 1 in Invocations
  7322 | D:6      | Reached skill level 5 in Fighting
  8048 | D:7      | Reached skill level 5 in Armour
  8320 | D:7      | Reached skill level 6 in Poison Magic
  8545 | D:8      | Reached skill level 5 in Spellcasting
  8579 | D:8      | Reached ** piety under Fedhas
  8599 | D:8      | Reached XP level 10. HP: 59/59 MP: 7/17
  8970 | D:8      | Reached skill level 5 in Maces & Flails
  9039 | D:8      | Noticed Maurice
  9119 | D:8      | Noticed an ice statue
  9171 | D:8      | Killed Maurice
  9225 | D:8      | Found Oge Kueh's Gadget Emporium.
  9298 | D:8      | Got a warped ring mail
  9299 | D:8      | Identified the +5 ring mail "Syikuoxe" {+Fly rPois rF+++
                  | Int-5} (You found it on level 8 of the Dungeon)
  9661 | D:8      | Found a sacrificial altar of Ru.
 10252 | D:9      | Found a broken altar of Ashenzari.
 10604 | D:9      | Reached *** piety under Fedhas
 10610 | D:9      | Reached skill level 7 in Poison Magic
 11002 | D:9      | Noticed a wizard
 11020 | D:9      | Killed a wizard
 11021 | D:9      | Reached skill level 5 in Dodging
 11180 | D:9      | Identified the Handbook of the Freezing Oath
 11191 | D:9      | Noticed a two-headed ogre
 11256 | D:9      | Killed a two-headed ogre
 11564 | D:10     | Entered Level 10 of the Dungeon
 11691 | D:10     | Reached XP level 11. HP: 66/66 MP: 17/19
 11761 | D:10     | Found a staircase to the Orcish Mines.
 11903 | D:10     | Killed an unseen horror
 11904 | D:10     | Reached skill level 8 in Poison Magic
 12059 | D:10     | Reached **** piety under Fedhas
 12138 | D:10     | Noticed a manticore
 12160 | D:10     | Killed a manticore
 12302 | D:10     | Reached skill level 5 in Invocations
 12540 | D:10     | Noticed Fannar
 12833 | D:10     | Noticed a fire dragon
 12887 | D:10     | HP: 3/67 [Fannar/uncursed staff of cold (5)]
 12901 | D:10     | Killed Fannar
 13044 | D:10     | Upgraded the game from 0.26-a0-1181-gd376ed14c5 to
                  | 0.26-a0-1184-g95e395e029
 13086 | D:10     | Found a staircase to the Lair.
 13253 | D:10     | Found a portal to a secret trove of treasure.
 13277 | D:10     | Found Osualuda's Magic Scroll Shop.
 13286 | D:10     | Bought a scroll of enchant weapon for 75 gold pieces
 13286 | D:10     | Bought a scroll of fog for 20 gold pieces
 13426 | D:10     | Killed a fire dragon
 13846 | Lair:1   | Entered Level 1 of the Lair of Beasts
 13867 | D:10     | Slain by a komodo dragon

Illustrated notes

Levels and vault maps discovered:
D:1:      lemuel_arrival_funnel, layout_loops_ring
D:2:      layout_basic, uniq_sigmund
D:3:      layout_basic, elyvilon_altar_4, gup_sewer_entry_glass, uniq_terence,
          uniq_natasha
D:4:      layout_rooms
D:5:      layout_gridville, minmay_temple_entry_butterflies,
          grunt_decor_one_mirror, corner_web_ring, minmay_bent
D:6:      layout_cave_pods
D:7:      layout_rooms
D:8:      minmay_statue_hallways, layout_basic, serial_shops,
          kennysheep_little_box, nicolae_ru_path_of_blood, uniq_maurice
D:9:      layout_long_grid, basic_altar, lightli_wizard_tower
D:10:     minmay_the_grid_four_pointed_star_mashed
          [minmay_the_grid_triangle_9x9_cache,
          minmay_the_grid_triangle_9x9_warning,
          minmay_the_grid_triangle_9x9_sparse_checkered,
          minmay_the_grid_triangle_9x9_windchime,
          minmay_the_grid_prize_four_corners], layout_rooms, erik_lair_island,
          david_orc_2, nicolae_trove_entry_crossroad, serial_shops, shop,
          uniq_fannar
Temple:   nicolae_temple_the_god_donut
Lair:1:   layout_chaotic_city, uniq_sonja

Skill      XL: |  1  2  3  4  5  6  7  8  9 10 11 |
---------------+----------------------------------+-----
Shields        | 1 2 3 4 |  4.0
Transmutations | 1 |  1.0
Fighting       | 2 3 4 5 6 7 |  7.4
Maces & Flails | 1 2 3 4 5 6 |  6.7
Armour         | 1 2 4 5 6 7 |  7.4
Dodging        | 2 3 4 5 |  5.0
Spellcasting   | 3 4 5 6 |  6.5
Air Magic      | 1 2 |  2.0
Poison Magic   | 4 6 7 8 |  8.9
Invocations    | 2 4 5 |  5.6
Stealth        | |  2.1

Action                   |  1- 3 |  4- 6 |  7- 9 | 10-12 || total
-------------------------+-------+-------+-------+-------++-------
Melee: Unarmed           |     6 |       |     1 |       ||     7
       Mace              |    45 |    82 |   451 |   526 ||  1104
 Cast: Sting             |    23 |     1 |    22 |     5 ||    51
       Poisonous Vapours |     3 |    42 |   147 |   135 ||   327
       Olgreb's Toxic Ra |       |       |     1 |     6 ||     7
Evoke: Wand              |       |       |       |     6 ||     6
       Box of beasts     |       |       |       |     1 ||     1
  Use: Scroll            |       |       |    13 |    15 ||    28
       Potion            |       |       |     1 |     7 ||     8
 Stab: Sleeping          |       |       |     1 |     1 ||     2
       Distracted        |       |       |       |     2 ||     2
Armor: Robe              |    22 |    42 |    64 |       ||   128
       Leather armour    |       |       |   135 |    15 ||   150
       Ring mail         |       |       |       |   291 ||   291
Dodge: Dodged            |    34 |    63 |   282 |   314 ||   693
Block: Buckler           |       |       |    57 |   132 ||   189

Table legend: (Time is in decaauts)
 A = Elapsed time spent in this place.
 B = Non-inter-level travel time spent in this place.
 C = Inter-level travel time spent in this place.
 D = Time resting spent in this place.
 E = Time spent auto-exploring this place.
 F = Levels seen in this place.
 G = Mean time per level.
                   A        B        C        D        E       F      G
               +--------+--------+--------+--------+--------+-----+--------+
         Total |  14111 |  13910 |    201 |   3861 |   5028 |  13 | 1085.5 |
       Dungeon |  13250 |  13049 |    201 |   3612 |   4925 |  10 | 1325.0 |
        Temple |     54 |     54 |      0 |      0 |     25 |   1 |   54.0 |
          Lair |     16 |     16 |      0 |      0 |      0 |   1 |   16.0 |
         Sewer |    789 |    789 |      0 |    249 |     78 |   1 |  789.0 |
               +--------+--------+--------+--------+--------+-----+--------+

Top non-repeatable levels by time:
    D:10: 2136 daAuts
     D:9: 1834 daAuts
     D:8: 1428 daAuts
     D:3: 1318 daAuts
     D:6: 1313 daAuts
     D:4: 1299 daAuts
     D:5: 1271 daAuts
     D:2: 1160 daAuts
     D:1: 898 daAuts
   Sewer: 789 daAuts
     D:7: 589 daAuts
  Temple: 54 daAuts
  Lair:1: 16 daAuts
